[Event "Superettan 2017/2018"]
[Site "Vegagatan 20, Gothenburg, Sweden"]
[Date "2018.02.04"]
[Round "3.10"]
[White "Eksmyr, Johan"]
[Black "Lindberg, Bengt"]
[Result "0-1"]
[TimeControl "90 minutes for 40 moves + 30 minutes for the rest of the game + 30 seconds per move from move one."]
[BlackTitle "IM"]
[WhiteFideId "1704346"]
[BlackFideId "1700359"]
[WhiteElo "2181"]
[BlackElo "2387"]

1. d4 Nf6 2. Nf3 e6 3. Bg5 h6 4. Bxf6 Qxf6 5. e4 d6 6. Bb5+ c6 7. Bd3 Nd7 8. Qe2 g5 9. c3 e5 10. h3 h5 11. dxe5 dxe5 12. h4 gxh4 13. Nxh4 Nc5 14. Bc2 Bg4 15.
f3 Be6 16. b4 Nd7 17. Bb3 a5 18. Bxe6 Qxe6 19. Nf5 axb4 20. Qb2 Nc5 21. O-O Nd3 22. Qc2 b3 23. axb3 Rxa1 24. Qxd3 Bc5+ 25.
Kh2 O-O 26. Rd1 Kh7 27. b4 Bb6 28. Qc2 Ra2 29. Qc1 Qg6 30. Rd2 Qg5 31. Qe1 Rxd2 32. Nxd2 Rg8 33. Qe2 h4 34. Nc4 Ba7 35.
Qd2 Qxd2 36. Nxd2 Bf2 37. Nc4 f6 38. Na5 Rb8 39. Nd6 Be1 40. Ndxb7 Bxc3 41. Nc5 Rxb4 42. Ne6 c5 43. Nc7 Bd4 44.
Nd5 Ra4 45. Nc6 Ra6 46. Nce7 c4 47. Nb4 Ra7 48. Ned5 Kg6 49. f4 Ra1 50. Kh3 exf4 51. Nxf4+ Kh6 52. Nbd5 Be5 53. Ne2 Re1 0-1

[Event "Superettan 2017/2018"]
[Site "Vegagatan 20, Gothenburg, Sweden"]
[Date "2018.02.04"]
[Round "3.11"]
[White "Rydstrom, Tom"]
[Black "Kumar, Rahul"]
[Result "1-0"]
[TimeControl "90 minutes for 40 moves + 30 minutes for the rest of the game + 30 seconds per move from move one."]
[WhiteTitle "FM"]
[WhiteFideId "1714830"]
[BlackFideId "5010969"]
[WhiteElo "2374"]
[BlackElo "2183"]

1. e4 g6 2. d4 Bg7 3. Nc3 c6 4. Nf3 d5 5. Bd3 Nh6 6. Bf4 f6 7. Qe2 Nf7 8. O-O-O O-O 9. Bg3 Bg4 10.
h3 Bh5 11. Rhe1 Ng5 12. exd5 Kh8 13. Qxe7 Nxf3 14. gxf3 Qxe7 15. Rxe7 cxd5 16. Rxb7 Bxf3 17. Be2 Bg2 18. h4 Nc6 19. h5 gxh5 20. Kb1 h4 21. Bxh4 Rab8 22. Rxg7 Kxg7 23. Rg1 Nxd4 24. Rxg2+ Kf7 25.
Bh5+ Ke6 26. Rg1 Rb4 27. Re1+ Kd6 28. Bg3+ Kc5 29. Re7 f5 30. a3 Rc4 31. b4+ Kb6 32. Nxd5+ Ka6 33. a4 f4 34.
b5+ Nxb5 35. axb5+ Kxb5 36. Be2 fxg3 37. fxg3 Kc5 38. Rc7+ 1-0

[Event "Superettan 2017/2018"]
[Site "Vegagatan 20, Gothenburg, Sweden"]
[Date "2018.02.04"]
[Round "3.12"]
[White "Arnelind, Mikael"]
[Black "Shkuran, Danylo"]
[Result "0-1"]
[TimeControl "90 minutes for 40 moves + 30 minutes for the rest of the game + 30 seconds per move from move one."]
[BlackTitle "IM"]
[WhiteFideId "1704290"]
[BlackFideId "14106248"]
[WhiteElo "2220"]
[BlackElo "2397"]

1. d4 d5 2. c4 c6 3. Nc3 Nf6 4. cxd5 cxd5 5. Bf4 Nc6 6. e3 a6 7. Bd3 Bg4 8. Nge2 e6 9. O-O Bd6 10.
f3 Bh5 11. Rc1 O-O 12. Bxd6 Qxd6 13. Nf4 Rfc8 14. Nxh5 Nxh5 15. f4 Nf6 16. Na4 Na5 17. b3 Nd7 18. Qd2 Nc6 19. Nc5 Nxc5 20. Rxc5 g6 21. Rfc1 b6 22. R5c2 a5 23. Bb5 Ne7 24. Rxc8+ Rxc8 25.
Rxc8+ Nxc8 26. Qc3 Na7 27. a4 Kg7 28. Kf2 g5 29. g3 gxf4 30. gxf4 Qd8 31. Ba6 Qd6 32. Bb5 h6 33. Kf3 Nxb5 34.
axb5 Qa3 35. Qc2 Qb4 36. Qd3 Qe1 37. Kg2 Kf6 38. h4 h5 39. Kf3 Qxh4 40. Qc3 Qg4+ 41. Kf2 h4 42. Qc7 Qg3+ 43.
Ke2 Qg2+ 44. Kd3 h3 45. Qe5+ Ke7 46. Qc7+ Kf8 47. Qxb6 h2 48. Qb8+ Kg7 49. Qe5+ Kg8 50. b6 h1=Q 0-1

[Event "Superettan 2017/2018"]
[Site "Vegagatan 20, Gothenburg, Sweden"]
[Date "2018.02.04"]
[Round "3.13"]
[White "Alle Wahlin, Ambjorn"]
[Black "Fransson, Patrick"]
[Result "1/2-1/2"]
[TimeControl "90 minutes for 40 moves + 30 minutes for the rest of the game + 30 seconds per move from move one."]
[WhiteFideId "1714805"]
[BlackFideId "1709305"]
[WhiteElo "2224"]
[BlackElo "2136"]

1. Nf3 d5 2. d4 c6 3. c4 e6 4. e3 f5 5. Bd3 Nf6 6. O-O Bd6 7. b3 O-O 8. Ba3 Bxa3 9. Nxa3 a6 10.
Qc2 Ne4 11. Ne5 Nd7 12. Nxd7 Bxd7 13. f3 Nd6 14. Qb2 Be8 15. Nb1 Bg6 16. Nd2 Qd7 17. Rae1 Rad8 18. c5 Ne8 19. b4 Nf6 20. a4 Be8 21. b5 axb5 22. axb5 g5 23. bxc6 bxc6 24. Rb1 Qg7 25.
Qb7 Rf7 26. Qb6 Rc8 27. Rb4 Ra7 28. Ba6 Rcc7 29. Ra4 Nd7 30. Qb4 e5 31. Nb3 Qe7 32.
Qc3 Nb8 33. Rfa1 e4 34. Nd2 Bh5 35. Bf1 Rxa4 36. Rxa4 Ra7 37. Rb4 Qc7 38. g4 fxg4 39. fxe4 g3 40.
e5 gxh2+ 41. Kxh2 Nd7 42. Kg1 Nf8 43. Bh3 Ng6 44. Qb2 Nh4 45. Qb1 g4 46. Bg2 Nf3+ 47. Nxf3 gxf3 48. Bh3 Qe7 49.
Kh2 Bg6 50. Qb2 Qh4 51. Rb8+ Kg7 52. Rb7+ Rxb7 53. Qxb7+ Kh6 54. Qxc6 f2 55. Qa6 Qg5 56. Bg2 Qxe3 57. Qf6 Qxd4 58.
Qf8 Kg5 59. Qf6+ Kh6 60. Qf8 Kg5 61. Qf6+ Kh6 1/2-1/2

[Event "Superettan 2017/2018"]
[Site "Vegagatan 20, Gothenburg, Sweden"]
[Date "2018.02.04"]
[Round "3.14"]
[White "Hansson, Fredrik"]
[Black "Lindahl, Emil"]
[Result "1/2-1/2"]
[TimeControl "90 minutes for 40 moves + 30 minutes for the rest of the game + 30 seconds per move from move one."]
[WhiteFideId "1713256"]
[BlackFideId "1713116"]
[WhiteElo "2177"]
[BlackElo "2177"]

1. e4 c5 2. c3 d5 3. exd5 Qxd5 4. d4 Nf6 5. Nf3 Bg4 6. Be2 e6 7. h3 Bh5 8. O-O Nc6 9. Be3 cxd4 10.
cxd4 Be7 11. Nc3 Qd6 12. Qb3 O-O 13. Rfd1 Rfd8 14. Rac1 Qb4 15. Qxb4 Nxb4 16. g4 Bg6 17. Ne5 Nfd5 18. Bf3 Rac8 19. Nxd5 Nxd5 20. Nxg6 hxg6 21. Rxc8
Rxc8 22. Bxd5 exd5 23. Rc1 Rxc1+ 24. Bxc1 Bd6 1/2-1/2

[Event "Superettan 2017/2018"]
[Site "Vegagatan 20, Gothenburg, Sweden"]
[Date "2018.02.04"]
[Round "3.15"]
[White "Olofsson-Dolk, Mattis"]
[Black "Virolainen, Victor"]
[Result "1-0"]
[TimeControl "90 minutes for 40 moves + 30 minutes for the rest of the game + 30 seconds per move from move one."]
[WhiteFideId "1715178"]
[BlackFideId "1710672"]
[WhiteElo "2165"]
[BlackElo "2173"]

1. e4 c5 2. Nf3 d6 3. d4 cxd4 4. Nxd4 Nf6 5. Nc3 Nc6 6. Bg5 e6 7. Qd2 a6 8. O-O-O Bd7 9. Bxf6 gxf6 10.
f4 Qb6 11. Nxc6 bxc6 12. Qd4 Qxd4 13. Rxd4 c5 14. Rd3 Bc6 15. Be2 Bh6 16. Rf1 Ke7 17. Rh3 Bg7 18. Bf3 Rab8 19. f5 h5 20. Kb1 h4 21. Bg4 Rb4 22. Re1 Rhb8 23.
b3 Bh6 24. a3 Rd4 25. fxe6 fxe6 26. Ne2 Rxe4 27. Bf3 Bg5 28. Bxe4 Bxe4 29. g4 Bg2 30. Rd3 Be4 31. Rh3 Bg2 32.
Rd3 c4 33. Rd4 cxb3 34. Nf4 Bxf4 35. Rxf4 bxc2+ 36. Kxc2 d5 37. Rb4 Rc8+ 38. Kd2 Be4 39. Rc1 Rxc1 40. Kxc1 Bd3 41. Rb7+ Kd6 42.
Kd2 Bf1 43. Rh7 h3 44. Rf7 Bg2 45. Rxf6 Ke5 46. Rh6 d4 47. g5 Bf1 48. g6 Kf6 49. g7+ Kxg7 50. Rxe6 Bb5 51. Re4 Kf6 52.
Rh4 Bd7 53. Rh6+ Ke5 54. Rxa6 Ke4 55. Rg6 Kf3 56. Rg3+ Ke4 57. Rg7 Bb5 58. Rh7 Bf1 59. Rh4+ Kf3 60. Ke1 Kg2 61. Rg4+ Kxh2 62.
Kxf1 d3 63. Rd4 Kh1 64. Rxd3 h2 65. Ke2 Kg2 66. Rd1 1-0

[Event "Superettan 2017/2018"]
[Site "Vegagatan 20, Gothenburg, Sweden"]
[Date "2018.02.04"]
[Round "3.16"]
[White "Subramanian, Aditya"]
[Black "Sevastianov, Andrii"]
[Result "1-0"]
[TimeControl "90 minutes for 40 moves + 30 minutes for the rest of the game + 30 seconds per move from move one."]
[WhiteFideId "1718924"]
[BlackFideId "1730240"]
[WhiteElo "2133"]
[BlackElo "2126"]

1. Nf3 e6 2. c4 d5 3. e3 Nf6 4. b3 Be7 5. Bb2 c5 6. Nc3 O-O 7. cxd5 Nxd5 8. Nxd5 exd5 9. d4 Nc6 10. a3 Qa5+ 11. Qd2 Qxd2+ 12. Kxd2 Bf6 13. Rc1 cxd4 14. Nxd4 Nxd4 15. Bxd4 Bxd4 16. exd4 Bd7 17. Be2 Rfc8 18. Bf3 Rxc1 19. Rxc1 Bc6 20. Rc5 Rd8 21. b4 a6 22. Be2 Rd6 23. a4 b6 24. Rc3 Kf8 25. Bxa6 Rf6 26. f3 Rh6 27. b5 Bd7 28. h3 Ke7 29. Bb7 Kd6 30. Bc8 Bxc8 31.
Rxc8 Kd7 32. Ra8 Rg6 33. g4 Rf6 34. Ra7+ Kc8 35. Ke3 g5 36. Re7 h6 37. Re5 Rd6 38. Re8+ Kd7 39. Rb8 Kc7 40.
Ra8 Re6+ 41. Kf2 Rf6 42. Re8 Rf4 43. Ke3 Rf6 44. Re5 Rd6 45. h4 f6 46. Re7+ Kc8 47. h5 Kd8 48. Rh7 Re6+ 49.
Kf2 f5 50. gxf5 Rf6 51. Kg3 Kc8 52. Kg4 Kd8 53. f4 1-0